 Dungeon Crawl Stone Soup version 0.23.2-40-g277498a001 (webtiles) character file.

Game seed: 6209119422865682012

39 Dodman the Gusty (level 3, -2/26 HPs)
             Began as a Demigod Air Elementalist on Oct 5, 2019.
             Slain by a necrophage (7 damage)
             ... on level 1 of the Dungeon.
             The game lasted 00:07:32 (1071 turns).

Dodman the Gusty (Demigod Air Elementalist)         Turns: 1071, Time: 00:07:33

Health: -2/26      AC:  2    Str: 11    XL:     3   Next: 11%
Magic:  4/8        EV: 13    Int: 21    God:
Gold:   52         SH:  0    Dex: 16    Spells: 5/6 levels left

rFire    . . .     SeeInvis .   (no weapon)
rCold    . . .     Gourm    .   (no shield)
rNeg     . . .     Faith    .   a - +0 robe
rPois    .         Spirit   .   (no helmet)
rElec    .         Reflect  .   (no cloak)
rCorr    .         Harm     .   (no gloves)
MR       .....                  (no boots)
Stlth    ++........             (no amulet)
HPRegen  0.08/turn              (no ring)
MPRegen  0.11/turn              (no ring)

@: no status effects
A: high mp 1
a: no special abilities


You were on level 1 of the Dungeon.
You were not hungry.

You visited 1 branch of the dungeon, and saw 2 of its levels.

You collected 52 gold pieces.

Inventory:

Armour
 a - a +0 robe (worn)
Jewellery
 f - an uncursed ring of see invisible {unknown}
 j - an uncursed ring of wizardry {unknown}
Scrolls
 c - a scroll of random uselessness {unknown}
 d - a scroll of amnesia {unknown}
 l - a scroll of identify {unknown}
Potions
 e - 2 potions of heal wounds {unknown}
 g - a potion of flight {unknown}
 i - a potion of curing {unknown}
 k - a potion of lignification {unknown}
 m - 2 potions of mutation {unknown}
Comestibles
 h - 4 rations


   Skills:
 + Level 2.0 Dodging
 + Level 1.8 Stealth
 + Level 2.1 Spellcasting
 + Level 1.1 Conjurations
 * Level 3.5 Air Magic


You had 5 spell levels left.
You knew the following spells:

 Your Spells              Type           Power        Failure   Level  Hunger
a - Shock                 Conj/Air       ##..         5%          1    #......

Your spell library contained the following spells:

 Spells                   Type           Power        Failure   Level  Hunger
 Swiftness                Chrm/Air       #.......     11%         2    ##.....
 Static Discharge         Conj/Air       ##......     17%         3    ###....
 Airstrike                Air            ###.......   32%         4    #####..
 Lightning Bolt           Conj/Air       ##........   83%         5    ######.


Dungeon Overview and Level Annotations

Branches:
Dungeon (2/15)


Innate Abilities, Weirdness & Mutations

You have an increased reservoir of magic. (+10% MP)


Message History

You feel sick.
You feel sick.
You are no longer poisoned.
Casting: Shock (safe; 5% risk of failure)
Confirm with . or Enter, or press ? or * to list all spells.
Aiming: Shock (safe; 5% risk of failure)
Press: ? - help, Shift-Dir - straight line, f - necrophage
Aim: a necrophage The zap hits the necrophage.
The necrophage is lightly damaged.
The necrophage misses you.
Casting: Shock (safe; 5% risk of failure)
Confirm with . or Enter, or press ? or * to list all spells.
Aiming: Shock (safe; 5% risk of failure)
Press: ? - help, Shift-Dir - straight line, f/p - necrophage
Aim: a necrophage (lightly damaged)
The zap misses the necrophage.
The necrophage hits you!
* * * LOW HITPOINT WARNING * * *
The necrophage hits you!
You die...

..######.#.# #.#
..# #.#.# #รท# ..#
#.#.# #.# ### #.#.#
#.# #.#.# #.#
#.#.##### #.#
#.#.....# #.#
##.#############.##
#........n@.......#
#.#################
#.# #.# #.# #.#
#.## ###..# #
#...[#


You could see a necrophage.

Vanquished Creatures
  An adder (D:2)
  A dart slug (D:1)
  6 bats (D:1)
  3 goblins (D:1)
  2 hobgoblins (D:1)
  3 jackals (D:1)
  2 frilled lizards (D:1)
  2 kobolds (D:1)
  9 rats (D:1)
29 creatures vanquished.

Notes
Turn   | Place    | Note
-------+----------+-------------------------------------------
     0 | D:1      | Dodman the Demigod Air Elementalist began the quest for the
                  | Orb.
     0 | D:1      | Reached XP level 1. HP: 14/14 MP: 5/5
    52 | D:1      | Reached skill level 3 in Air Magic
   121 | D:1      | Reached XP level 2. HP: 6/20 MP: 0/7
   751 | D:1      | Reached skill level 1 in Conjurations
  1033 | D:2      | Noticed a necrophage
  1040 | D:2      | Reached XP level 3. HP: 15/26 MP: 3/8
  1071 | D:1      | Slain by a necrophage

Skill      XL: |  1  2 |
---------------+-------+-----
Air Magic      | 3 |  3.5
Spellcasting   | 2 |  2.1
Conjurations   | 1 |  1.1
Dodging        | 2 |  2.0
Stealth        | |  1.8

Action                   || total
-------------------------++-------
 Cast: Shock             ||    54
  Eat: Ration            ||     1
Armor: Robe              ||     3
Dodge: Dodged            ||    23
